 Dungeon Crawl Stone Soup version 0.25-a0-424-g80bd347ae0 (webtiles) character file.

Game seed: 1822742701405776816, levelgen mode: deterministic

776 Kohma the Stinger (level 7, -3/62 HPs)
             Began as a Naga Venom Mage on Jan 23, 2020.
             Slain by an orc warrior
             ... wielding a +0 battleaxe
              (9 damage)
             ... on level 6 of the Dungeon.
             The game lasted 00:13:00 (4713 turns).

Kohma the Stinger (Naga Venom Mage)                 Turns: 4713, Time: 00:13:01

Health: -3/62      AC:  4    Str: 10    XL:     7   Next: 84%
Magic:  9/13       EV: 10    Int: 18    God:
Gold:   176        SH:  0    Dex: 11    Spells: 4/14 levels left

rFire    . . .     SeeInvis +   q - +0 long sword
rCold    . . .     Gourm    .   (no shield)
rNeg     . . .     Faith    .   a - +1 robe
rPois    +         Spirit   .   (no helmet)
rElec    .         Reflect  .   (no cloak)
rCorr    .         Harm     .   (no gloves)
MR       .....                  (no barding)
Stlth    +.........             (no amulet)
HPRegen  0.20/turn              (no ring)
MPRegen  0.13/turn              (no ring)

@: confused, very slow
A: large, see invisible, deformed body, poison resistance, slowness 2, slow
metabolism 1, spit poison 1, AC +2
a: Spit Poison


You were on level 6 of the Dungeon.
You were not hungry.

You visited 1 branch of the dungeon, and saw 5 of its levels.

You collected 176 gold pieces.

Inventory:

Hand Weapons
 i - a +1 whip of electrocution
 q - a +0 long sword (weapon)
Missiles
 p - 13 poisoned darts (quivered)
 r - 8 javelins
Armour
 a - a +1 robe (worn)
Jewellery
 b - an uncursed ring of protection from cold {unknown}
Wands
 o - a wand of random effects (24)
Scrolls
 f - a scroll of enchant armour
 g - 5 scrolls of identify
 h - a scroll of magic mapping {unknown}
 j - a scroll of remove curse
 l - a scroll of teleportation
Potions
 k - a potion of agility
 m - a potion of degeneration
 n - 2 potions of haste
Comestibles
 c - 9 rations


   Skills:
 + Level 3.2 Fighting
 - Level 1.5 Dodging
 - Level 3.0 Stealth
 - Level 4.0 Spellcasting
 - Level 2.1 Conjurations
 - Level 1.0 Transmutations
 - Level 3.0 Air Magic
 * Level 7.7 Poison Magic


You had 4 spell levels left.
You knew the following spells:

 Your Spells              Type           Power        Failure   Level  Hunger
a - Sting                 Tmut/Pois      ###.         2%          1    None
b - Poisonous Vapours     Pois/Air       ###...       2%          2    ##.....
c - Mephitic Cloud        Conj/Pois/Air  ###.....     8%          3    ###....
d - Olgreb's Toxic Radia  Pois           ####....     6%          4    ####...

Your spell library contained the following spells:

 Spells                   Type           Power        Failure   Level  Hunger
 Ignite Poison            Fire/Tmut/Pois ##......     13%         3    ###....


Dungeon Overview and Level Annotations

Branches:
Dungeon (4/15)
 Temple: D:4-7

Altars:
Elyvilon
Gozag
Okawaru
Qazlal
Wu Jian


Innate Abilities, Weirdness & Mutations

You cannot wear boots.
Your serpentine skin is tough. (AC +2)
You have supernaturally acute eyesight. (SInv)
Armour fits poorly on your strangely shaped body.
Your system is resistant to poisons. (rPois)
You cover ground very slowly.
You have a slow metabolism.
You can spit poison.


Message History

* * * LOW HITPOINT WARNING * * *
You hit the orc priest but do no damage.
The orc priest is almost dead.
You kill the orc priest!
The howler monkey barely misses you.
You riposte.
You slash the howler monkey!
You kill the howler monkey!
Your Fighting skill increases to level 3!
The orc warrior hits you with a cursed -2 scimitar!
* * * LOW HITPOINT WARNING * * *
You slash the orc warrior!
You kill the orc warrior!
Training target 3.0 for Air Magic reached!
Your Air Magic skill increases to level 3!
You kill the orc!
The orc hits you but does no damage.
A quokka skeleton comes into view.
You are confused.
You feel invigorated.
The orc warrior hits you with a +0 battleaxe!
You die...
Z

#. ## #.## ...
#... ....
####..####...##
...[..o.).o....
#@).# #.o.....#
#......$...
##......###
##...#.#
##.##.# .. # ##


You could see an orc warrior, an orc wizard, an orc and a quokka skeleton.

Vanquished Creatures
  Sigmund (D:4)
  An orc warrior (D:6)
  An ogre (D:4)
  2 howler monkeys
  3 orc priests
  Ijyb (D:3)
  3 orc wizards
  4 adders
  2 oozes
  2 worms (D:2)
  A dart slug (D:1)
  4 leopard geckos
  12 orcs
  8 giant cockroaches
  8 goblins
  16 hobgoblins
  3 jackals (D:1)
  3 quokkas (D:3)
  3 ball pythons
  8 bats
  5 frilled lizards
  A jackal skeleton (D:4)
  4 kobolds
  12 rats
108 creatures vanquished.

Notes
Turn   | Place    | Note
-------+----------+-------------------------------------------
     0 | D:1      | Kohma the Naga Venom Mage began the quest for the Orb.
     0 | D:1      | Reached XP level 1. HP: 15/15 MP: 3/3
   170 | D:1      | Reached XP level 2. HP: 18/24 MP: 0/5
   186 | D:1      | Learned a level 2 spell: Poisonous Vapours
   808 | D:1      | Reached XP level 3. HP: 30/30 MP: 0/6
   947 | D:1      | Reached skill level 1 in Fighting
  1009 | D:1      | Learned a level 3 spell: Mephitic Cloud
  1891 | D:2      | Reached XP level 4. HP: 38/38 MP: 3/8
  1946 | D:2      | Reached skill level 5 in Poison Magic
  2203 | D:2      | Found a white marble altar of Elyvilon.
  2519 | D:2      | Found a faded altar of an unknown god.
  2719 | D:3      | Reached skill level 1 in Air Magic
  2838 | D:3      | Noticed Ijyb
  2850 | D:3      | Killed Ijyb
  2850 | D:3      | Reached skill level 1 in Conjurations
  2850 | D:3      | Reached XP level 5. HP: 25/44 MP: 1/9
  3377 | D:3      | Reached XP level 6. HP: 52/52 MP: 11/11
  3618 | D:3      | Learned a level 4 spell: Olgreb's Toxic Radiance
  3861 | D:4      | Noticed a phantom
  4187 | D:4      | Reached skill level 6 in Poison Magic
  4195 | D:4      | Found a stormy altar of Qazlal.
  4196 | D:4      | Noticed Sigmund
  4208 | D:4      | Killed Sigmund
  4208 | D:4      | Reached XP level 7. HP: 19/61 MP: 0/13
  4556 | D:4      | Found an iron altar of Okawaru.
  4686 | D:4      | Found an ornate altar of the Wu Jian Council.
  4686 | D:4      | Found an opulent altar of Gozag.
  4703 | D:4      | You fall into a shaft and drop 2 floors!
  4706 | D:6      | Reached skill level 7 in Poison Magic
  4711 | D:6      | HP: 1/62 [orc warrior/cursed -2 scimitar (15)]
  4713 | D:6      | Slain by an orc warrior

Levels and vault maps discovered:
D:1:      minmay_arrival_doors, layout_loops_ring
D:2:      layout_rooms, elyvilon_altar_1,
          chequers_ecumenical_altar_simple_redux,
          minmay_misc_feat_secret_circle, minmay_tetromino_i4
D:3:      layout_loops_cross, portal_sewer_entry_f, first_ration,
          grunt_ministairs_3, uniq_ijyb
D:4:      layout_cave_pools, lemuel_crystal_altar,
          lemuel_coloured_pillars_altar, gammafunk_temple_overflow_wave,
          serial_shops, nicolae_shop_waterfront, minmay_strange_pillars,
          uniq_sigmund
D:6:      layout_loops_ring, nicolae_dithmenos_shadow_blocks, temple_doors_cd,
          ebering_ghost_sewer_f, nicolae_ru_awakened_eye, uniq_duvessa

Skill      XL: |  1  2  3  4  5  6  7 |
---------------+----------------------+-----
Fighting       | 1 2 3 |  3.2
Poison Magic   | 5 6 7 |  7.7
Spellcasting   | 3 4 |  4.0
Air Magic      | 1 2 3 |  3.0
Conjurations   | 1 2 |  2.1
Dodging        | |  1.5
Stealth        | |  3.0
Transmutations | |  1.0

Action                   |  1- 3 |  4- 6 |  7- 9 || total
-------------------------+-------+-------+-------++-------
Melee: Club              |    11 |       |       ||    11
       Unarmed           |     2 |       |       ||     2
       Dagger            |    13 |    14 |       ||    27
       Long sword        |       |    63 |    11 ||    74
 Cast: Sting             |    48 |    52 |     5 ||   105
       Poisonous Vapours |    20 |    31 |       ||    51
       Olgreb's Toxic Ra |       |       |     2 ||     2
  Use: Scroll            |       |     9 |       ||     9
       Potion            |       |       |     3 ||     3
 Stab: Sleeping          |       |     5 |       ||     5
  Eat: Chunk             |     4 |     6 |       ||    10
       Ration            |       |     1 |       ||     1
Armor: Robe              |     7 |    28 |     3 ||    38
Dodge: Dodged            |    30 |    69 |     9 ||   108
       Rpst.: Long sword |       |    24 |     4 ||    28

Table legend:
 A = Non-vault XP
 B = Vault XP
 C = Vault XP percentage of total XP
 D = Non-vault monster count
 E = Vault monster count
 F = Vault count percentage of total count
                 A         B        C        D         E       F
            +---------+---------+-------+---------+---------+-------
      Total |     808 |     301 |  27.1 |      96 |      12 |  11.1
            +---------+---------+-------+---------+---------+-------
        D:1 |      55 |       0 |   0.0 |      33 |       0 |   0.0
        D:2 |      58 |      17 |  22.7 |      23 |       3 |  11.5
        D:3 |     155 |      64 |  29.2 |      29 |       8 |  21.6
        D:4 |     177 |     220 |  55.4 |       3 |       1 |  25.0
        D:6 |     363 |       0 |   0.0 |       8 |       0 |   0.0
            +---------+---------+-------+---------+---------+-------
